 Dungeon Sprint DCSS version 0.27.1-3-gb3d3a73c9e (webtiles) character file.

Game seed: 3286233948248202393

6100000 raph the Axe Maniac (level 27, -10/228 HPs)
             Began as a Djinni Hedge Wizard on Oct 20, 2021.
             Was the Champion of Makhleb.
             Killed by the air
             ... invoked by a tyrant
              (54 damage)
             ... in the Dungeon (Sprint VIII: "Arena of Blood").
             The game lasted 00:04:04 (61 turns).

raph the Axe Maniac (Djinni Hedge Wizard)             Turns: 61, Time: 00:04:05

Health: -10/228    AC:  4    Str:  9    XL:     27
Gold:   0          EV: 36    Int: 19    God:    Makhleb [******] SH:  0 Dex: 23

rFire    + + .     SeeInvis .   i - +∞ Axe of Woe
rCold    x . .     Faith    .   (shield currently unavailable)
rNeg     . . .     Spirit   .   b - +0 robe
rPois    ∞         Reflect  .   c - +0 hat
rElec    .         Harm     .   (no cloak)
rCorr    .         Rampage  .   (no gloves)
Will     ++...     NoTele   +   (boots unavailable)
Stlth    ++++++++++             (no amulet)
HPRegen  0.48/turn              j - +200 ring of slaying
MPRegen  0.00/turn              (no ring)

@: flying
A: sickness immunity, fire resistance 2, cold vulnerability 1, float, innate
caster, hp casting, extra vitality 1
a: Renounce Religion, Minor Destruction, Lesser Servant of Makhleb, Major
Destruction, Greater Servant of Makhleb


You were in the Dungeon.
You worshipped Makhleb.
Makhleb was exalted by your worship.
You visited 1 branch

Inventory:

Hand Weapons
 a - a +0 dagger
 i - the +∞ Axe of Woe (weapon)
   (You found it in the Dungeon)
Armour
 b - a +0 robe (worn)
 c - a +0 hat (worn)
Jewellery
 j - a +200 ring of slaying (left hand)
Scrolls
 h - a scroll of blinking
Potions
 d - a potion of curing
 e - a potion of heal wounds
 f - a potion of haste
 g - a potion of berserk rage


   Skills:
 O Level 27 Fighting
 O Level 27 Short Blades
 O Level 27 Long Blades
 O Level 27 Axes
 O Level 27 Maces & Flails
 O Level 27 Polearms
 O Level 27 Staves
 O Level 27 Slings
 O Level 27 Bows
 O Level 27 Crossbows
 O Level 27 Throwing
 O Level 27 Armour
 O Level 27 Dodging
 O Level 27 Stealth
 O Level 27 Shields
 O Level 27 Unarmed Combat
 O Level 27 Spellcasting
 O Level 27 Invocations
 O Level 27 Evocations


You couldn't memorise any spells.
You knew the following spells:

 Your Spells              Type           Power      Damage    Failure   Level
a - Magic Dart            Conj           100%       1d8       0%          1
b - Blink                 Tloc           N/A        N/A       0%          2
c - Call Imp              Summ           91%        N/A       0%          2
d - Slow                  Hex            91%        N/A       0%          2
e - Conjure Flame         Conj/Fire      91%        6-21      0%          3
f - Mephitic Cloud        Conj/Pois/Air  91%        N/A       0%          3
g - Pain                  Necr           100%       1d9       0%          1
h - Corpse Rot            Necr/Air       N/A        N/A       0%          2
i - Spider Form           Tmut/Pois      45%        N/A       0%          3
j - Summon Guardian Gole  Hex/Summ       91%        N/A       0%          3
k - Airstrike             Air            45%        N/A       0%          4
l - Summon Mana Viper     Hex/Summ       91%        N/A       0%          5
m - Shadow Creatures      Summ           N/A        N/A       0%          6
n - Summon Hydra          Summ           45%        N/A       0%          7
o - Starburst             Conj/Fire      45%        6d13      0%          6
p - Necromutation         Tmut/Necr      45%        N/A       1%          8
q - Maxwell's Capacitive  Air            45%        ∞         1%          8
r - Disjunction           Tloc           45%        N/A       1%          8
s - Fire Storm            Conj/Fire      45%        8d12      1%          9
Your spell library was empty.

Dungeon Overview and Level Annotations

Branches:
Dungeon (1/1)

Altars:
Makhleb


Innate Abilities, Weirdness & Mutations

You are immune to sickness and miasma.
You are immune to poison.
Your flesh is very heat resistant. (rF++)
You are vulnerable to cold. (rC-)
You float through the air rather than walking.
You learn spells naturally, not from books.
Your magical power is your life essence.
You have superior vitality. (+4 HP)


Message History

* * * LOW HITPOINT WARNING * * *
A destroyer comes into view. It is wielding a +9 vorpal great sword.
You cut the bag of meat into ribbons!!! You chop the bag of meat into pieces.
You kill the bag of meat!
Makhleb accepts your kill.
You feel better.
You cut the bag of meat into ribbons!!! You chop the bag of meat into pieces.
You kill the bag of meat!
Makhleb accepts your kill.
You feel better.
You dice the meat berserker like an onion!!!!
You dissect the meat berserker like a pig carcass.
You kill the meat berserker!
Makhleb accepts your kill.
The dread appears out of thin air!
A dread comes into view.
Something hits your fire vortex!!!
Your fire vortex dissipates!
You hear a shout! x3
An accursed comes into view.
A tyrant comes into view.
The tyrant mumbles some strange words.
The tyrant seems to speed up.
The tyrant casts a spell.
The destroyer blinks!
You hear a shout!
A destroyer comes into view. It is wielding a +9 vorpal great sword.
The meat berserker shouts!
The destroyer shouts!
The tyrant shouts!
You cut the destroyer into ribbons!!!!
You hew the destroyer savagely.
You destroy the destroyer!
Makhleb accepts your kill.
The meat beast appears out of thin air!
A meat beast comes into view.
You hear a shout! x7
The meat berserker rages.
The accursed gestures at you while chanting.
Something smites you!
* * * LOW HITPOINT WARNING * * *
The tyrant waves its bony arms in wide circles.
The air twists around and strikes you!!!
You die...

#.. ..# #.. .§o#
..... .###..
oV.###......
.....D###o....o.....
.2..W_............
#....O#.......#. .
#_.<.O#.........
....#....)#))°...#.#
....OO._.)@)M)......
...○OM###)O)))....#
.###....MOX###......
#.zo..z.# .....
#.L..X.X# V...
V....○.O. ...
..o...XXL.. .#
.....L.MX. # .......


You could see 4 accurseds, a tentacled monstrosity (summoned), a meat beast
(wandering, fast), 3 tyrants, an eight-headed meat hydra, 2 destroyers, 2
sculptors of flesh, 2 large bags of meat, 5 large abominations, a dread, 6 meat
berserkers and 5 bags of meat.

Vanquished Creatures
  A royal mummy (D)
  8 vampire knights (D)
  21 ogres (D)
  2 two-headed ogres (D)
  42 orcs (D)
  5 skeletal warriors (D)
79 creatures vanquished.

Vanquished Creatures (others)
  5 fire vortices (D)
5 creatures vanquished.

Grand Total: 84 creatures vanquished

Notes
Turn   | Place    | Note
-------+----------+-------------------------------------------
     0 | D        | Found the +∞ Axe of Woe
     0 | D        | raph the Djinni Hedge Wizard began the quest for the Orb.
     0 | D        | Reached XP level 1. HP: 15/15 MP: 0/0
     2 | D        | Noticed a bag of meat
     2 | D        | Noticed a bag of meat
     4 | D        | Became a worshipper of Makhleb the Destroyer
     6 | D        | Noticed a bag of meat
     7 | D        | Noticed a meat berserker
     7 | D        | Noticed a bag of meat
     8 | D        | Noticed a meat berserker
     8 | D        | Killed a bag of meat
     9 | D        | Reached XP level 2. HP: 21/21 MP: 0/0
     9 | D        | Reached XP level 3. HP: 25/25 MP: 0/0
     9 | D        | Learned a level 1 spell: Pain
     9 | D        | Reached XP level 4. HP: 31/31 MP: 0/0
     9 | D        | Reached XP level 5. HP: 35/35 MP: 0/0
     9 | D        | Learned a level 2 spell: Corpse Rot
     9 | D        | Reached XP level 6. HP: 40/40 MP: 0/0
     9 | D        | Reached XP level 7. HP: 45/45 MP: 0/0
     9 | D        | Learned a level 3 spell: Spider Form
     9 | D        | Reached XP level 8. HP: 50/50 MP: 0/0
     9 | D        | Reached XP level 9. HP: 55/55 MP: 0/0
     9 | D        | Learned a level 3 spell: Summon Guardian Golem
     9 | D        | Reached XP level 10. HP: 60/60 MP: 0/0
     9 | D        | Reached XP level 11. HP: 65/65 MP: 0/0
     9 | D        | Learned a level 4 spell: Airstrike
     9 | D        | Reached XP level 12. HP: 70/70 MP: 0/0
     9 | D        | Noticed a bag of meat
     9 | D        | Noticed a bag of meat
     9 | D        | Noticed a bag of meat
    10 | D        | Killed a meat berserker
    10 | D        | Reached * piety under Makhleb
    10 | D        | Killed a bag of meat
    10 | D        | Noticed a meat berserker
    11 | D        | Reached skill level 27 in Axes
    11 | D        | Reached skill level 10 in Fighting
    11 | D        | Reached skill level 10 in Invocations
    11 | D        | Reached XP level 13. HP: 97/97 MP: 0/0
    11 | D        | Learned a level 5 spell: Summon Mana Viper
    11 | D        | Reached XP level 14. HP: 103/103 MP: 0/0
    11 | D        | Reached XP level 15. HP: 108/108 MP: 0/0
    11 | D        | Learned a level 6 spell: Shadow Creatures
    11 | D        | Noticed a meat berserker
    12 | D        | Noticed a meat berserker
    12 | D        | Killed a meat berserker
    12 | D        | Reached ** piety under Makhleb
    13 | D        | Reached XP level 16. HP: 130/130 MP: 0/0
    14 | D        | Noticed a meat berserker
    15 | D        | Killed a meat berserker
    16 | D        | Reached XP level 17. HP: 146/146 MP: 0/0
    16 | D        | Learned a level 7 spell: Summon Hydra
    16 | D        | Killed a meat berserker
    16 | D        | Reached *** piety under Makhleb
    16 | D        | Noticed a large bag of meat
    17 | D        | Reached XP level 18. HP: 157/157 MP: 0/0
    17 | D        | Killed a meat berserker
    17 | D        | Reached **** piety under Makhleb
    17 | D        | Noticed a meat berserker
    18 | D        | Reached skill level 27 in Fighting
    18 | D        | Reached skill level 27 in Dodging
    18 | D        | Reached skill level 27 in Invocations
    18 | D        | Reached XP level 19. HP: 174/174 MP: 0/0
    18 | D        | Learned a level 6 spell: Starburst
    18 | D        | Noticed a meat berserker
    19 | D        | Noticed a meat berserker
    20 | D        | Noticed a destroyer
    21 | D        | Reached XP level 20. HP: 181/181 MP: 0/0
    21 | D        | Killed a meat berserker
    21 | D        | Reached ***** piety under Makhleb
    22 | D        | Noticed a large bag of meat
    22 | D        | Noticed a meat berserker
    23 | D        | Killed a meat berserker
    23 | D        | Noticed a destroyer
    24 | D        | Reached skill level 27 in Spellcasting
    24 | D        | Reached XP level 21. HP: 187/187 MP: 0/0
    24 | D        | Learned a level 8 spell: Necromutation
    24 | D        | Noticed a meat berserker
    25 | D        | Reached skill level 15 in Stealth
    25 | D        | Killed a meat berserker
    26 | D        | Reached XP level 22. HP: 194/194 MP: 0/0
    26 | D        | Noticed a meat berserker
    27 | D        | Reached ****** piety under Makhleb
    27 | D        | Killed a meat berserker
    27 | D        | Noticed a meat berserker
    28 | D        | Reached skill level 27 in Armour
    28 | D        | Reached skill level 27 in Stealth
    28 | D        | Reached XP level 23. HP: 201/201 MP: 0/0
    28 | D        | Learned a level 8 spell: Maxwell's Capacitive Coupling
    29 | D        | Reached XP level 24. HP: 208/208 MP: 0/0
    31 | D        | Reached skill level 10 in Unarmed Combat
    31 | D        | Reached skill level 10 in Evocations
    32 | D        | Noticed a destroyer
    34 | D        | Reached XP level 25. HP: 214/214 MP: 0/0
    34 | D        | Learned a level 8 spell: Disjunction
    35 | D        | Reached skill level 15 in Maces & Flails
    35 | D        | Reached skill level 15 in Polearms
    35 | D        | Reached skill level 15 in Bows
    35 | D        | Reached skill level 15 in Crossbows
    35 | D        | Noticed a destroyer
    36 | D        | Reached XP level 26. HP: 221/221 MP: 0/0
    36 | D        | Killed a large bag of meat
    38 | D        | Noticed a destroyer
    38 | D        | Killed a destroyer
    38 | D        | Noticed a destroyer
    39 | D        | Reached XP level 27. HP: 226/228 MP: 0/0
    39 | D        | Learned a level 9 spell: Fire Storm
    40 | D        | Noticed a destroyer
    41 | D        | Killed a destroyer
    41 | D        | Killed a large bag of meat
    43 | D        | Killed a destroyer
    43 | D        | Killed a destroyer
    44 | D        | Reached skill level 27 in Unarmed Combat
    44 | D        | Reached skill level 27 in Evocations
    45 | D        | Killed a destroyer
    46 | D        | Killed a destroyer
    47 | D        | Reached skill level 27 in Short Blades
    47 | D        | Reached skill level 27 in Long Blades
    47 | D        | Reached skill level 27 in Staves
    48 | D        | Reached skill level 27 in Maces & Flails
    48 | D        | Reached skill level 27 in Polearms
    48 | D        | Reached skill level 27 in Bows
    48 | D        | Reached skill level 27 in Crossbows
    48 | D        | Reached skill level 10 in Slings
    48 | D        | Reached skill level 10 in Throwing
    48 | D        | Killed a destroyer
    50 | D        | Noticed an accursed
    51 | D        | Noticed an accursed
    51 | D        | Noticed a tyrant
    53 | D        | Noticed a tyrant
    54 | D        | Noticed a large bag of meat
    54 | D        | Noticed a large bag of meat
    55 | D        | Noticed an accursed
    56 | D        | Reached skill level 27 in Shields
    57 | D        | Reached skill level 27 in Slings
    57 | D        | Reached skill level 27 in Throwing
    57 | D        | Noticed a destroyer
    57 | D        | Noticed an accursed
    58 | D        | Killed an accursed
    60 | D        | Noticed a destroyer
    60 | D        | Noticed an accursed
    60 | D        | Noticed a tyrant
    60 | D        | Noticed a destroyer
    61 | D        | Noticed a dread
    61 | D        | Killed a destroyer
    61 | D        | Killed from afar by a tyrant

Illustrated notes

Levels and vault maps discovered:
D:        meatsprint

Skill      XL: |  1  2  3  4  5  6  7  8  9 10 11 12 13 14 15 16 17 18 19 20 21 22 23 24 25 26 27 |
---------------+----------------------------------------------------------------------------------+-----
Axes           | 22 27 | 27.0
Fighting       | 10 17 21 23 27 | 27.0
Dodging        | 11 18 22 24 27 | 27.0
Invocations    | 10 17 21 23 27 | 27.0
Spellcasting   | 7 16 27 | 27.0
Armour         | 13 22 27 | 27.0
Stealth        | 12 20 27 | 27.0
Short Blades   | 3 8 13 17 20 27 | 27.0
Long Blades    | 3 8 13 17 20 27 | 27.0
Maces & Flails | 2 7 12 16 19 27 | 27.0
Polearms       | 2 7 12 16 19 27 | 27.0
Staves         | 3 8 13 17 20 27 | 27.0
Bows           | 2 7 12 16 19 27 | 27.0
Crossbows      | 2 7 12 16 19 27 | 27.0
Unarmed Combat | 3 9 14 18 22 27 | 27.0
Evocations     | 3 9 14 18 22 27 | 27.0
Slings         | 27 | 27.0
Throwing       | 27 | 27.0
Shields        | 27 | 27.0

Action                   |  1- 3 |  4- 6 |  7- 9 | 10-12 | 13-15 | 16-18 | 19-21 | 22-24 | 25-27 || total
-------------------------+-------+-------+-------+-------+-------+-------+-------+-------+-------++-------
Melee: Executioner's axe |     1 |       |       |     1 |     2 |     4 |     6 |     6 |    20 ||    40
 Cast: Fire Storm        |       |       |       |       |       |       |       |       |     1 ||     1
       Maxwell's Capacit |       |       |       |       |       |       |       |       |     1 ||     1
Dodge: Dodged            |       |       |       |       |       |     1 |       |       |     2 ||     3
